 Dungeon Crawl Stone Soup version 0.24.0-125-gc4c63601f3 (webtiles) character file.

Game seed: 10208622577212851470, levelgen mode: deterministic

2882 Peloso the Blocker (level 9, 0/78 HPs)
             Began as a Minotaur Fighter on Feb 27, 2020.
             Slain by a yak (9 damage)
             ... on level 7 of the Dungeon.
             The game lasted 00:11:59 (6195 turns).

Peloso the Blocker (Minotaur Fighter)               Turns: 6195, Time: 00:12:00

Health: 0/78       AC: 11    Str: 23    XL:     9   Next: 48%
Magic:  8/8        EV:  8    Int:  5    God:
Gold:   429        SH: 13    Dex: 11    Spells: 8/8 levels left

rFire    . . .     SeeInvis .   a - +0 long sword
rCold    . . .     Gourm    .   c - +1 shield
rNeg     . . .     Faith    .   l - +0 chain mail
rPois    +         Spirit   .   (helmet restricted)
rElec    .         Reflect  .   (no cloak)
rCorr    .         Harm     .   (no gloves)
MR       .....                  (no boots)
Stlth    ..........             (no amulet)
HPRegen  0.23/turn              e - ring of poison resistance
MPRegen  0.11/turn              (no ring)

@: no status effects
A: retaliatory headbutt, horns 2
a: no special abilities


You were on level 7 of the Dungeon.
You were hungry.

You visited 2 branches of the dungeon, and saw 9 of its levels.

You collected 429 gold pieces.

Inventory:

Hand Weapons
 a - a +0 long sword (weapon)
Armour
 b - a +0 scale mail
 c - a +1 shield (worn)
 l - a +0 chain mail (worn)
Jewellery
 e - a ring of poison resistance (left hand)
Scrolls
 h - 2 scrolls of remove curse
 n - a scroll of magic mapping
 q - 2 scrolls of fear
 r - 2 scrolls of amnesia
 s - a scroll of immolation {unknown}
 v - a scroll of blinking {unknown}
 x - a scroll of fog {unknown}
 y - a scroll of enchant weapon {unknown}
Potions
 d - 2 potions of might
 i - 2 potions of agility
 j - 2 potions of ambrosia
 k - 5 potions of brilliance
 m - a potion of cancellation
 t - a potion of curing
 u - a potion of heal wounds {unknown}
 w - 2 potions of lignification {unknown}
 z - 2 potions of magic {unknown}
Comestibles
 f - 16 rations


   Skills:
 + Level 6.8 Fighting
 + Level 8.4 Long Blades
 + Level 8.5 Armour
 + Level 3.6 Dodging
 + Level 0.2 Stealth
 + Level 9.3 Shields
 + Level 0.4 Unarmed Combat


You had 8 spell levels left.
You didn't know any spells.
Your spell library was empty.

Dungeon Overview and Level Annotations

Branches:
Dungeon (8/15)             Temple (1/1) D:6            Lair (0/6) D:8

Altars:
Ashenzari
Dithmenos
Elyvilon
Fedhas
Hepliaklqana
Kikubaaqudgha
Makhleb
Nemelex Xobeh
Qazlal
Ru
Sif Muna
Trog
Uskayaw
Vehumet
Wu Jian
Xom
Yredelemnul

Annotations:
D:7 Joseph


Innate Abilities, Weirdness & Mutations

You reflexively headbutt those who attack you in melee.
You have a pair of horns on your head.


Message History

Things that are here:
a +0 leather armour; a +0 flail You closely miss the yak.
Your headbutt misses the yak. The yak gores you.
* * * LOW HITPOINT WARNING * * *
Your chain mail prevents you from hitting the yak.
The yak gores you but does no damage.
You completely miss the yak. Your headbutt misses the yak. The yak gores you!
* * * LOW HITPOINT WARNING * * *
You slash the yak! You headbutt the yak.
The yak is moderately wounded.
You block the yak's attack.
You hit the yak but do no damage. You headbutt the yak, but do no damage.
The yak is moderately wounded.
The yak barely misses you.
You riposte.
Your shield and chain mail prevent you from hitting the yak.
The yak is moderately wounded.
Your shield prevents you from hitting the yak.
The yak is moderately wounded.
The yak gores you!
You die...

...... ........#
###...
........########
#
...............#
###
###.##.........#
..
...###...(....#
#. .
......#........#
##. ..
#..........#
#..⌠
##%........# #
....
..###...@.....#
#...P.
#.......Y.....#
..P≈≈P
..###.#########
...PP. #. #.....
#. .###. ## .
###. ....#


You could see a yak.

Vanquished Creatures
  Sigmund (D:3)
  3 yaks
  A porcupine (D:8)
  An orc warrior (D:8)
  4 black bears
  2 phantoms
  An ogre (D:8)
  3 centaurs
  2 crocodiles (D:8)
  2 bullfrogs (D:8)
  A wyvern skeleton (D:6)
  A howler monkey (D:6)
  2 crimson imps
  A centaur zombie (D:6)
  A bullfrog zombie (D:5)
  3 jellies
  2 orc priests
  2 hounds
  A quasit (D:5)
  2 orc wizards
  2 iguanas
  A worker ant (D:7)
  Terence (D:2)
  A worker ant zombie (D:7)
  Robin (D:2)
  10 gnolls
  11 adders
  2 oozes
  3 worms
  A dart slug (D:1)
  6 leopard geckos
  11 orcs
  6 giant cockroaches
  23 goblins
  13 hobgoblins
  6 jackals
  2 quokkas
  A ball python (D:3)
  8 bats
  3 frilled lizards
  10 kobolds
  A quokka skeleton (D:7)
  10 rats
169 creatures vanquished.

Vanquished Creatures (others)
  24 fungi (D:8)
  13 plants (D:8)
37 creatures vanquished.

Grand Total: 206 creatures vanquished

Notes
Turn   | Place    | Note
-------+----------+-------------------------------------------
     0 | D:1      | Peloso the Minotaur Fighter began the quest for the Orb.
     0 | D:1      | Reached XP level 1. HP: 19/19 MP: 0/0
    48 | D:1      | Reached XP level 2. HP: 16/27 MP: 1/1
   318 | D:1      | Reached skill level 4 in Shields
   502 | D:1      | Reached XP level 3. HP: 33/33 MP: 2/2
  1003 | D:2      | Noticed Terence
  1024 | D:2      | Killed Terence
  1227 | D:2      | Reached XP level 4. HP: 40/40 MP: 3/3
  1229 | D:2      | Found a hide-covered altar of Uskayaw.
  1232 | D:2      | Noticed a +0 dagger
  1232 | D:2      | Noticed a +0 dagger
  1351 | D:2      | Found a radiant altar of Vehumet.
  1514 | D:2      | Noticed Robin
  1530 | D:2      | Killed Robin
  1549 | D:2      | Found an ornate altar of the Wu Jian Council.
  1750 | D:3      | Reached XP level 5. HP: 47/47 MP: 4/4
  1754 | D:3      | Reached skill level 5 in Shields
  1863 | D:3      | Found a stormy altar of Qazlal.
  1876 | D:3      | Reached skill level 1 in Dodging
  2134 | D:3      | Found a faded altar of an unknown god.
  2164 | D:3      | Noticed Sigmund
  2179 | D:3      | Killed Sigmund
  2179 | D:3      | Reached skill level 5 in Fighting
  2179 | D:3      | Reached skill level 5 in Long Blades
  2179 | D:3      | Reached XP level 6. HP: 46/56 MP: 5/5
  2244 | D:3      | Reached skill level 6 in Shields
  2769 | D:4      | Reached XP level 7. HP: 57/61 MP: 6/6
  2987 | D:4      | Reached skill level 5 in Armour
  3364 | D:5      | Entered Level 5 of the Dungeon
  3608 | D:6      | Reached skill level 7 in Shields
  3617 | D:6      | Reached XP level 8. HP: 25/70 MP: 7/7
  3854 | D:6      | Found a basalt altar of Yredelemnul.
  3854 | D:6      | Found a hazy altar of Hepliaklqana.
  3946 | D:6      | Found a staircase to the Ecumenical Temple.
  3965 | Temple   | Entered the Ecumenical Temple
  4161 | D:6      | Got a shimmering leather armour
  4172 | D:6      | Identified the cursed +0 leather armour of Honour {rN+}
                  | (You found it on level 6 of the Dungeon)
  4523 | D:5      | Found an ancient bone altar of Kikubaaqudgha.
  4606 | D:5      | Found a white marble altar of Elyvilon.
  4923 | D:7      | Noticed Joseph
  5726 | D:8      | Reached skill level 8 in Shields
  5751 | D:8      | Reached XP level 9. HP: 52/78 MP: 8/8
  6110 | D:8      | Found a staircase to the Lair.
  6149 | D:8      | Reached skill level 9 in Shields
  6195 | D:7      | Slain by a yak

Levels and vault maps discovered:
D:1:      sevenhm_arrival_forest_fort_small_3, layout_basic, dk_noncrumbling_3
D:2:      layout_rooms, lemuel_coloured_pillars_altar, vehumet_crystals,
          dancing_weapons_uskayaw, first_ration, uniq_robin, uniq_terence
D:3:      cheibrodos_greedy_goblins, layout_basic, lemuel_crystal_altar,
          chequers_ecumenical_altar_grove, uniq_sigmund
D:4:      layout_loops_ring
D:5:      lemuel_castle_with_subvaults [lemuel_castle_interior_carwin_2],
          layout_loops_ring, nicolae_overflow_crystal_walls,
          lemuel_crystal_altar
D:6:      layout_cave_pools, gammafunk_temple_overflow_elements,
          minmay_temple_entry_glass
D:7:      layout_rooms, tso_oasis_becter, kennysheep_okawaru_gauntlet,
          zin_academy, gammafunk_ghost_necromancy, kennysheep_diamond,
          uniq_joseph
D:8:      layout_gridville, kennysheep_mini, due_lair_maze_entry_diamond,
          grunt_pizzeria, kennysheep_generic_room_3
Temple:   nicolae_temple_figure_zero

Skill      XL: |  1  2  3  4  5  6  7  8  9 |
---------------+----------------------------+-----
Armour         | 4 5 7 8 |  8.5
Shields        | 4 5 6 7 8 9 |  9.3
Fighting       | 4 5 6 |  6.8
Long Blades    | 3 4 5 6 7 8 |  8.4
Dodging        | 1 2 3 |  3.6
Stealth        | |  0.2
Unarmed Combat | |  0.4

Action                   |  1- 3 |  4- 6 |  7- 9 || total
-------------------------+-------+-------+-------++-------
Melee: Long sword        |   105 |   174 |   314 ||   593
       Headbutt          |    16 |    32 |    68 ||   116
       Unarmed           |       |       |     7 ||     7
  Use: Potion            |       |     1 |       ||     1
       Scroll            |       |       |    13 ||    13
  Eat: Chunk             |     1 |     5 |     8 ||    14
       Ration            |       |       |     1 ||     1
Armor: Scale mail        |    38 |       |       ||    38
       Chain mail        |    18 |   131 |   173 ||   322
       Skin              |       |       |     1 ||     1
Dodge: Dodged            |    40 |    62 |   111 ||   213
Block: Shield            |    71 |   148 |   262 ||   481
       Rpst.: Long sword |     6 |    10 |    24 ||    40
